AoeStats
← Infadel

Arabia

509947780Analyzed
1v1 RM · 3d ago on Sep 28, 2026· 22m 59s· 2 players
Game mode
Random Map
Map size
Tiny (2 player)
Population
200
Speed
Normal
Resources
Standard
Victory
Conquest
Starting age
Dark Age
Ending age
Imperial Age
RankedLock teamsTeams togetherTeam positionsShared explorationLock speedFull tech treeHidden civsTurbo modeCheats
Victory
Defeat
🇬🇧 Italians · United Kingdom
1146
+15
🇮🇳 Saracens · India
1121
-15
Infadel
7:17 Loom
9:23 Feudal Age
11:40 Double-Bit Axe
17:38 Forging
18:06 Horse Collar
20:37 Scale Barding Armor
24:25 Castle Age
22:44 Fletching
Tristan 281
6:43 Loom
10:11 Feudal Age
10:40 Double-Bit Axe
11:07 Horse Collar
13:37 Gold Mining
18:01 Fletching
21:39 Castle Age
21:52 Padded Archer Armor
22:25 Bloodlines
22:04 Crossbowman
Connection lost

Rejoining the realm…

Still unreachable

The connection could not be restored.

Session expired

The server has moved on; the page needs a fresh start.